 Dungeon Crawl Stone Soup version 0.19-a0-1007-g133f65f (webtiles) character file.

130 mistymad the Insei (level 5, -8/33 HPs)
             Began as an Octopode Transmuter on July 19, 2016.
             Killed by nerve-wracking pain
             ... invoked by an orc priest
              (13 damage)
             ... on level 3 of the Dungeon.
             The game lasted 00:09:10 (3667 turns).

mistymad the Insei (Octopode Transmuter)            Turns: 3667, Time: 00:09:11

Health: -8/33      AC:  2    Str:  9    XL:     5   Next: 14%
Magic:  1/9        EV: 19    Int: 17    God:
Gold:   145        SH:  0    Dex: 17    Spells: 3 memorised, 4 levels left

rFire  . . .     SeeInvis .       - Unarmed
rCold  . . .     Gourm    .     (shield currently unavailable)
rNeg   . . .     Faith    .     (helmet currently unavailable)
rPois  x         Spirit   .     (no amulet)
rElec  .         Dismiss  .     q - ring of teleportation (curse)
rCorr  .         Reflect  .     (no ring)
SustAt .         Harm     .     (no ring)
MR     .....     Rnd*Tele +     (no ring)
Stlth  ++........               (no ring)
                                (no ring)
                                (no ring)
                                (no ring)

@: spider-form, very slightly contaminated, not resistant to hostile
enchantments, unstealthy
A: almost no armour, (amphibious), 8 rings, (constrict 8), (camouflage 0),
(gelatinous body 0)
a: End Transformation


You were on level 3 of the Dungeon.
You were hungry.
You were a venomous arachnid creature.
You visited 1 branch of the dungeon, and saw 3 of its levels.

You collected 145 gold pieces.

Inventory:

Missiles
 a - 30 arrows
Jewellery
 q - a cursed ring of teleportation (left front leg)
Scrolls
 d - a scroll of recharging {unknown}
 h - a scroll of identify
Potions
 e - a potion of curing
 i - 2 potions of might
 j - a potion of mutation
 m - a potion of cure mutation {unknown}
 n - 2 potions of heal wounds {unknown}
 p - a potion of lignification {unknown}
Books
 b - a book of Changes

   Spells                             Type                      Level
   a - Beastly Appendage              Transmutation                1
   b - Sticks to Snakes               Transmutation                2
   c - Spider Form                    Transmutation/Poison         3
   d - Ice Form                       Ice/Transmutation            4
   e - Blade Hands                    Transmutation                5
Comestibles
 c - 3 bread rations
 f - a royal jelly
 g - 5 fruits
 o - a beef jerky
 r - 4 chunks of flesh


   Skills:
 - Level 1.0 Fighting
 - Level 2.0 Dodging
 + Level 3.7 Unarmed Combat
 + Level 3.3 Spellcasting
 + Level 3.0 Transmutations
 + Level 1.7 Poison Magic


You had 4 spell levels left.
You knew the following spells:

 Your Spells              Type           Power        Failure   Level  Hunger
a - Beastly Appendage     Tmut           ##....       17%         1    None
b - Sticks to Snakes      Tmut           ##......     24%         2    ##.....
c - Spider Form           Tmut/Pois      ##........   41%         3    ###....


Dungeon Overview and Level Annotations

Branches:
Dungeon (3/15)

Altars:
Ru
Yredelemnul


Innate Abilities, Weirdness & Mutations

You cannot wear most types of armour.
((You are amphibious.))
You can wear up to eight rings at the same time.
((You can use your tentacles to constrict eight enemies at once.))
((Your skin changes colour to match your surroundings (Stealth+).))
((Your rubbery body absorbs attacks. (AC +1)))


Message History

You take 14 damage, and have 7/33 hp.
MASSIVE DAMAGE!!
You hit the orc but do no damage. The orc priest completely misses you.
The orc barely misses you.
Unknown command.
You hit the orc priest.
The orc priest looks as sick as possible!
The orc priest is heavily wounded.
Your transformation has ended.
The orc hits you but does no damage. The orc priest hits you with a whip.
* * * LOW HITPOINT WARNING * * *
The orc misses you.
You take 2 damage, and have 5/33 hp.
Casting: Spider Form
Confirm with . or Enter, or press ? or * to list all spells.
You turn into a venomous arachnid creature.
You are feeling hungry.
The orc completely misses you.
The orc priest calls down the wrath of Beogh upon you.
Pain shoots through your body!
You die...

####### . .....# #
.#.#####..#########.####
#.###
........................
..)..
................so.<....
.....
.#.#####..######oo......
.#........รท....+........
.###...#########........
.# #...# #........
.###...# #........
.......# #........
.......# #........
.......#


You could see an orc priest and 2 orcs.

Vanquished Creatures
  An iguana (D:3)
  3 adders
  A dart slug (D:1)
  3 giant geckos
  11 bats
  4 giant cockroaches
  5 hobgoblins
  10 jackals
  11 kobolds
  A quokka (D:3)
  2 ball pythons (D:1)
  3 giant newts
  8 goblins
  7 rats
70 creatures vanquished.

Notes
Turn   | Place    | Note
-------+----------+-------------------------------------------
     0 | D:1      | mistymad the Octopode Transmuter began the quest for the Orb.
     0 | D:1      | Reached XP level 1. HP: 13/13 MP: 3/3
   504 | D:1      | Reached XP level 2. HP: 5/18 MP: 3/5
   914 | D:1      | Learned a level 2 spell: Sticks to Snakes
  1192 | D:1      | Reached XP level 3. HP: 23/23 MP: 7/7
  1362 | D:1      | Learned a level 3 spell: Spider Form
  2149 | D:2      | Found a basalt altar of Yredelemnul.
  2230 | D:2      | Reached XP level 4. HP: 28/28 MP: 8/8
  2497 | D:2      | Found a sacrificial altar of Ru.
  2701 | D:2      | Reached skill level 1 in Poison Magic
  3652 | D:3      | Reached XP level 5. HP: 33/33 MP: 2/9
  3667 | D:3      | Killed from afar by an orc priest

Vault maps used:
D:1:      shiori_shiawase
D:2:      nicolae_overflow_crystal_walls, nicolae_ru_the_path_less_chosen
D:3:      uniq_iyjb

Skill      XL: |  1  2  3  4 |
---------------+-------------+-----
Spellcasting   | 3 |  3.3
Poison Magic   | 1 |  1.7
Transmutations | 3 |  3.0
Fighting       | |  1.0
Dodging        | |  2.0
Unarmed Combat | |  3.7

Action                   |  1- 3 |  4- 6 || total
-------------------------+-------+-------++-------
Melee: Unarmed           |   105 |    59 ||   164
       Constrict         |    24 |     9 ||    33
       Kick              |    15 |       ||    15
       Tentacles         |    12 |     5 ||    17
       Punch             |     3 |     1 ||     4
 Cast: Beastly Appendage |    16 |     1 ||    17
       Spider Form       |     1 |     4 ||     5
  Use: Scroll            |       |     6 ||     6
 Stab: Sleeping          |     3 |     4 ||     7
  Eat: Chunk             |     5 |     4 ||     9
Armor: Skin              |    11 |     2 ||    13
Dodge: Dodged            |    75 |    39 ||   114
